 Dungeon Crawl Stone Soup version 0.30-a0-652-gcc886f7154 (webtiles) character file.

Game seed: 8438692891508721898

79 Newt the Shooter (level 4, -16/29 HPs)
             Began as a Kobold Hunter on Jan 17, 2023.
             Demolished by an ogre
             ... wielding a +0 giant spiked club
              (22 damage)
             ... on level 3 of the Dungeon.
             The game lasted 00:01:35 (1995 turns).

Newt the Shooter (Kobold Hunter)                    Turns: 1995, Time: 00:01:35

Health: -16/29     AC:  9    Str:  8    XL:     4   Next: 62%
Magic:  4/4        EV:  5    Int: 10    God:
Gold:   144        SH:  0    Dex: 20    Spells: 3/3 levels left

rFire   . . .      SeeInvis .    a - +0 shortbow
rCold   . . .      Faith    .    (shield currently unavailable)
rNeg    . . .      Spirit   .    h - +1 chain mail {rPois}
rPois   +          Reflect  .    (no helmet)
rElec   .          Harm     .    (no cloak)
rCorr   .          Rampage  .    (no gloves)
Will    .....                    (no boots)
Stlth   +                        (no amulet)
HPRegen 0.24/turn                (no ring)
MPRegen 0.09/turn                (no ring)

@: no status effects
A: small, no large weapons, nightstalker 3
a: no special abilities


You were on level 3 of the Dungeon.
You visited 1 branch of the dungeon, and saw 3 of its levels.

You collected 144 gold pieces.

Inventory:

Hand Weapons
 a - a +0 shortbow (weapon)
Armour
 c - a +0 leather armour
 h - a +1 chain mail of poison resistance (worn)
Jewellery
 l - a +5 ring of evasion
Scrolls
 b - 2 scrolls of immolation
 d - 2 scrolls of teleportation
 j - a scroll of blinking {unknown}
Potions
 e - a potion of degeneration
 f - a potion of curing
 g - a potion of attraction
 i - 2 potions of cancellation {unknown}
 k - a potion of brilliance {unknown}


   Skills:
 - Level 4.0 Fighting
 + Level 5.8 Ranged Weapons
 - Level 2.4 Dodging
 - Level 3.0 Stealth


You had 3 spell levels left.
You didn't know any spells.
Your spell library contained the following spells:

 Spells                   Type           Power      Damage    Failure   Level
 Blink                    Tloc           0%         N/A       100%        2
 Manifold Assault         Tloc           0%         N/A       100%        4
 Storm Form               Tmut/Air       0%         N/A       100%        7


Dungeon Overview and Level Annotations

Branches:
Dungeon (3/15)

Altars:
Qazlal


Innate Abilities, Weirdness & Mutations

You are small and have problems with some larger weapons.
You are completely attuned to the shadows.


Message History

A kobold is nearby!
A kobold is nearby!
You shoot an arrow. The arrow closely misses the kobold.
The kobold throws a stone.
The stone barely misses you.
An ogre comes into view. It is wielding a +0 giant spiked club.
You shoot an arrow. The arrow completely misses the kobold.
The kobold hits you but does no damage.
You shoot an arrow. The arrow closely misses the kobold.
The kobold hits you with a +0 short sword.
The kobold hits you but does no damage.
You shoot an arrow. The arrow completely misses the ogre.
The kobold hits you but does no damage. The ogre barely misses you.
The kobold hits you with a +0 short sword.
You shoot an arrow. The arrow hits the ogre!
The ogre is moderately wounded.
The ogre hits you with a +0 giant spiked club!
The kobold hits you but does no damage. The ogre barely misses you.
The kobold hits you with a +0 short sword.
You are too injured to fight recklessly!
You are too injured to fight recklessly!
You are too injured to fight recklessly!
You are too injured to fight recklessly!
You are too injured to fight recklessly!
Unknown command.
You shoot an arrow. The arrow hits the ogre!
The ogre is severely wounded.
The kobold hits you but does no damage.
The ogre hits you with a +0 giant spiked club!
* * * LOW HITPOINT WARNING * * *
The kobold hits you but does no damage.
Okay, then.
You shoot an arrow.
The arrow hits the ogre but does no damage.
The ogre is severely wounded.
The kobold hits you but does no damage. The ogre barely misses you.
The kobold hits you but does no damage.
You shoot an arrow. The arrow barely misses the ogre.
The ogre hits you with a +0 giant spiked club!!
Ouch! That really hurt!
You die...

.... .... .... ...
...K###### #. #.#
....#@..... ...##.###
....O...... #.........
#.....#####.#.........
......###.#.#.........
..........#.#.........
.###...##.#.#.........
.....##.............
...#..####..#.#######
......###...#.#######


You could see an ogre and a kobold.

Vanquished Creatures
  2 adders (D:2)
  3 dart slugs
  An orc (D:3)
  6 bats
  2 endoplasms
  A giant cockroach (D:2)
  5 goblins
  8 hobgoblins
  3 jackals (D:1)
  5 kobolds
  2 quokkas
  5 ball pythons
  2 frilled lizards
  5 rats
50 creatures vanquished.

Notes
Turn   | Place    | Note
-------+----------+-------------------------------------------
     0 | D:1      | Newt the Kobold Hunter began the quest for the Orb.
     0 | D:1      | Reached XP level 1. HP: 12/12 MP: 1/1
    95 | D:1      | Reached XP level 2. HP: 17/17 MP: 2/2
   198 | D:1      | Found a faded altar of an unknown god.
   321 | D:1      | Reached XP level 3. HP: 22/22 MP: 3/3
  1261 | D:2      | Reached XP level 4. HP: 29/29 MP: 4/4
  1883 | D:3      | Found a stormy altar of Qazlal.
  1988 | D:3      | Noticed an ogre
  1995 | D:3      | Demolished by an ogre

Illustrated notes

Levels and vault maps discovered:
D:1:      dpeg_arrival_simpleton_c, layout_basic,
          chequers_ecumenical_altar_simple
D:2:      layout_loops_ring
D:3:      layout_basic, grunt_qazlal_sundering, nicolae_tso_besieged_by_evil,
          minmay_quantized

Skill      XL: |  1  2  3  4 |
---------------+-------------+-----
Stealth        | 2 3 |  3.0
Fighting       | 3 4 |  4.0
Ranged Weapons | |  5.8
Dodging        | |  2.4

Action                   |  1- 3 |  4- 6 || total
-------------------------+-------+-------++-------
 Fire: Shortbow          |    84 |    43 ||   127
  Use: Scroll            |     3 |     3 ||     6
Armor: Leather armour    |     5 |       ||     5
       Chain mail        |    25 |    30 ||    55
Dodge: Dodged            |    25 |    16 ||    41

Table legend: (Time is in decaauts)
 A = Elapsed time spent in this place.
 B = Non-inter-level travel time spent in this place.
 C = Inter-level travel time spent in this place.
 D = Time resting spent in this place.
 E = Time spent auto-exploring this place.
 F = Levels seen in this place.
 G = Mean time per level.
                   A        B        C        D        E       F      G
               +--------+--------+--------+--------+--------+-----+--------+
         Total |   2099 |   2072 |     27 |    200 |   1537 |   3 |  699.7 |
       Dungeon |   2099 |   2072 |     27 |    200 |   1537 |   3 |  699.7 |
               +--------+--------+--------+--------+--------+-----+--------+

Top non-repeatable levels by time:
     D:1: 885 daAuts
     D:2: 810 daAuts
     D:3: 403 daAuts
